 Dungeon Crawl Stone Soup version 0.30.1-9-gdf580d7c3d (webtiles) character file.

Game seed: 5206494385132860319

35 Peloso the Shield-Bearer (level 3, 33/33 HPs)
             Began as a Minotaur Fighter on Oct 19, 2023.
             Got out of the dungeon alive.
             The game lasted 00:03:11 (1855 turns).

Peloso the Shield-Bearer (Minotaur Fighter)         Turns: 1855, Time: 00:03:12

Health: 33/33      AC: 11    Str: 20    XL:     3   Next: 17%
Magic:  2/2        EV:  5    Int:  5    God:
Gold:   81         SH:  4    Dex: 11    Spells: 2/2 levels left

rFire   . . .        a - +0 long sword
rCold   . . .        d - +0 buckler
rNeg    . . .        i - +0 plate armour
rPois   .            (helmet restricted)
rElec   .            (no cloak)
rCorr   .            (no gloves)
SInv    .            (no boots)
Will    .....        (no amulet) Stlth
                     (no ring)
HPRegen 0.25/turn    (no ring)
MPRegen 0.08/turn

%: no passive effects
@: no status effects
A: horns 2, retaliatory headbutt, deterioration 1, mutation resistance 1,
MP-powered wands
a: no special abilities


You escaped.
You visited 1 branch of the dungeon, and saw 2 of its levels.

You collected 91 gold pieces.
You spent 10 gold pieces at shops.

Inventory:

Hand Weapons
 a - a +0 long sword (weapon)
Armour
 b - a +0 scale mail
 c - a +0 chain mail
 d - a +0 buckler (worn)
 i - a +0 plate armour (worn)
Scrolls
 f - a scroll of vulnerability {unknown}
 g - a scroll of identify {unknown}
 h - a scroll of poison {unknown}
 m - a scroll of fog {unknown}
 n - a scroll of magic mapping {unknown}
Potions
 e - a potion of might
 l - a potion of brilliance {unknown}


   Skills:
 + Level 3.9 Fighting
 + Level 3.2 Long Blades
 + Level 4.0 Armour
 + Level 4.1 Shields


You had 2 spell levels left.
You didn't know any spells.
Your spell library contained the following spells:

 Spells                   Type           Power      Damage    Failure   Level
 Sting                    Tmut/Pois      0%         1d3       100%        1
 Poisonous Vapours        Pois/Air       0%         N/A       100%        2
 Olgreb's Toxic Radiance  Pois           0%         N/A       100%        4


Dungeon Overview and Level Annotations

Branches:
Dungeon (2/15)

Altars:
Qazlal

Shops:
D:1 *


Innate Abilities, Weirdness & Mutations

You have a pair of horns on your head.
You reflexively headbutt those who attack you in melee.
Your body sometimes deteriorates upon taking damage.
You are somewhat resistant to further mutation.
You expend magic power (3 MP) to strengthen your wands.


Message History

The bat hits you but does no damage. The bat barely misses you.
You barely miss the bat. Your headbutt misses the bat.
The bat hits you but does no damage. x2; You block the bat's attack.
You hit the bat. You headbutt the bat.
You kill the bat!
You see here 2 poisoned darts.
A frilled lizard comes into view.
The frilled lizard hisses angrily.
A frilled lizard is nearby!
A frilled lizard is nearby!
A frilled lizard is nearby!
The frilled lizard bites you but does no damage.
You barely miss the frilled lizard. You headbutt the frilled lizard.
You kill the frilled lizard!
A bat is nearby!
A bat is nearby!
A bat is nearby!
A bat is nearby!
The bat hits you but does no damage. The bat hits you but does no damage.
You see here 3 stones.
The bat completely misses you.
You slash the bat!
You kill the bat!
You see here a bat corpse.
Unknown command.
(D) Dungeon
Where to? (Enter - D:1 @ (x,y), ? - help)
What level of the Dungeon? (default 1, ? - help)
You see here a +0 spear.
Things that are here:
4 stones; a +0 dagger
There is a stone staircase leading up here.
You climb upwards.
There is a stone staircase leading down here.
There is an open door here.
You see here a +0 club.
There is a staircase leading out of the dungeon here.
Are you sure you want to leave the Dungeon?
This will make you lose the game!
You have escaped!

##### #.@.#
#...# #...#
##### #...#
#.... #.#.#
######.##
#.#.#
#....#.##
#...#
#....#.#.
#...#
#....#.#.
#...#
###....#.#.


There were no monsters in sight!

Vanquished Creatures
  A worm (D:2)
  A dart slug (D:2)
  2 ball pythons
  3 endoplasms
  3 goblins (D:1)
  3 hobgoblins
  2 quokkas
  5 bats
  5 frilled lizards
  4 kobolds
29 creatures vanquished.

Notes
Turn   | Place    | Note
-------+----------+-------------------------------------------
     0 | D:1      | Peloso the Minotaur Fighter began the quest for the Orb.
     0 | D:1      | Reached XP level 1. HP: 19/19 MP: 0/0
    75 | D:1      | Found Hievial's General Store.
   521 | D:1      | Reached XP level 2. HP: 24/27 MP: 1/1
   804 | D:1      | Bought a scroll of noise for 10 gold pieces
  1264 | D:2      | Gained mutation: You expend magic power (3 MP) to
                  | strengthen your wands. [potion of mutation]
  1264 | D:2      | Gained mutation: Your body sometimes deteriorates upon
                  | taking damage. [potion of mutation]
  1264 | D:2      | Gained mutation: You are somewhat resistant to further
                  | mutation. [potion of mutation]
  1407 | D:2      | Reached XP level 3. HP: 33/33 MP: 2/2
  1429 | D:2      | Found a stormy altar of Qazlal.
  1855 | D:$      | Got out of the dungeon alive.

Illustrated notes

Levels and vault maps discovered:
D:1:      wheals_arrival_shading, layout_basic, serial_shops, shop
D:2:      layout_rooms, basic_altar, roderic_lattice_a, amethyst_killhole,
          serial_park_tiny_2

Skill      XL: |  1  2 |
---------------+-------+-----
Shields        | 4 |  4.1
Long Blades    | 3 |  3.2
Armour         | 4 |  4.0
Fighting       | |  3.9

Action                     || total
---------------------------++-------
  Melee: Long sword        ||    78
         Headbutt          ||    12
    Use: Potion            ||     2
 Armour: Chain mail        ||    15
         Scale mail        ||     4
         Plate armour      ||    37
  Dodge: Dodged            ||    24
  Block: Buckler           ||    15
